 Dungeon Crawl Stone Soup version 0.29.1-15-g9cfb28693d (webtiles) character file.

Game seed: 3971703592008966084

4 leafyfresh the Sneak (level 1, -5/16 HPs)
             Began as an Octopode Delver on Mar 5, 2023.
             Slain by an orc
             ... wielding a +0 flail
              (7 damage)
             ... on level 5 of the Dungeon.
             The game lasted 00:00:06 (11 turns).

leafyfresh the Sneak (Octopode Delver)                Turns: 11, Time: 00:00:07

Health: -5/16      AC:  1    Str: 11    XL:     1   Next: 60%
Magic:  1/1        EV: 13    Int: 12    God:
Gold:   0          SH:  0    Dex: 13    Spells: 0/0 levels left

rFire   . . .      SeeInvis .   a - +0 short sword
rCold   . . .      Faith    .   (no shield)
rNeg    . . .      Spirit   .   (helmet restricted)
rPois   .          Reflect  .   (no amulet)
rElec   .          Harm     .   (no ring)
rCorr   .          Rampage  .   (no ring)
Will    .....                   (no ring)
Stlth   ++++......              (no ring)
HPRegen 0.05/turn               (no ring)
MPRegen 0.07/turn               (no ring)
                                (no ring)
                                (no ring)

@: no status effects
A: almost no armour, amphibious, 8 rings, camouflage 1, gelatinous body 1,
(nimble swimmer 1), tentacles
a: no special abilities


You were on level 5 of the Dungeon.
You visited 1 branch of the dungeon, and saw 1 of its levels.

Inventory:

Hand Weapons
 a - a +0 short sword (weapon)
Wands
 f - a wand of digging (3)
Scrolls
 b - a scroll of fog
 c - a scroll of magic mapping
 d - a scroll of fear
Potions
 e - a potion of haste


   Skills:
 + Level 3.0 Fighting
 - Level 2.0 Short Blades
 + Level 2.1 Dodging
 + Level 6.7 Stealth


You couldn't memorise any spells.
You didn't know any spells.
Your spell library was empty.

Dungeon Overview and Level Annotations

Branches:
Dungeon (5/15)
 Temple: D:4-7

Altars:


Innate Abilities, Weirdness & Mutations

You cannot wear most types of armour.
You are amphibious.
You can wear up to eight rings at the same time.
Your skin changes colour to match your surroundings (Stealth+).
Your rubbery body absorbs attacks. (AC +1, EV +1)
((You are camouflaged when in or above water. (Stealth+)))
You have tentacles for arms and can constrict up to eight enemies at once.


Message History

Welcome, leafyfresh the Octopode Delver.
Will you be the one to retrieve the sublime Orb of Zot from the depths?
Press ? for a list of commands and other information.
Found a stone staircase leading down.
Found a ring mail.
No target in view!
An orc comes into view. It is wielding a +0 short sword.
An orc comes into view. It is wielding a +0 war axe.
There are monsters nearby!
An orc wizard and an orc come into view.
There are monsters nearby!
The orc wizard shouts!
The orc shouts! x2
Unknown command.
You hit the orc. You grab the orc.
The orc is heavily wounded.
You constrict the orc. The orc closely misses you.
The orc wizard gestures wildly while chanting.
The orc wizard flickers and vanishes!
Deactivating autopickup; reactivate with Ctrl-A.
You hit the orc.
You kill the orc!
The orc closely misses you.
You hit the orc. Your grab misses the orc.
The orc is moderately wounded.
The orc hits you with a +0 war axe.
You hit the orc. You grab the orc.
The orc is almost dead.
You constrict the orc.
You kill the orc!
The orc hits you with a +0 flail.
A phantom comes into view.
Something hits you.
* * * LOW HITPOINT WARNING * * *
You hit something but do no damage. The orc closely misses you.
Something hits you.
* * * LOW HITPOINT WARNING * * *
You barely miss something. Your squeeze misses something.
The orc hits you with a +0 flail!
You die...

.. ##. #.# ...
#..# .... #[.##
..... .#
#...####.W. ...
##.....#..# #..##
#......{..#
....##.....@o.##
#..........)..#
#.......####.....
.####....### ....
.......>.# ...
.###.....# ..
##.....# .
#.....# ##.....


You could see a phantom and an orc.

Vanquished Creatures
  2 orcs (D:5)
2 creatures vanquished.

Notes
Turn   | Place    | Note
-------+----------+-------------------------------------------
     0 | D:5      | leafyfresh the Octopode Delver began the quest for the Orb.
     0 | D:5      | Reached XP level 1. HP: 16/16 MP: 1/1
     4 | D:5      | Noticed an orc wizard
     9 | D:5      | Noticed a phantom
    11 | D:5      | Slain by an orc

Illustrated notes

Levels and vault maps discovered:
D:5:      layout_layer_cave

Action                   || total
-------------------------++-------
Melee: Short sword       ||     6
       Constrict         ||     2
Dodge: Dodged            ||     3
